 Dungeon Crawl Stone Soup version 0.21.1-1-g345015f (webtiles) character file.

382 Saeniel the Skirmisher (level 6, 0/40 HPs)
             Began as a Gargoyle Fighter on May 24, 2018.
             Was a Follower of Qazlal.
             Killed by divine providence
             ... invoked by an orc priest
              (12 damage)
             ... on level 4 of the Dungeon on May 25, 2018.
             The game lasted 00:11:58 (3004 turns).

Saeniel the Skirmisher (Gargoyle Fighter)           Turns: 3004, Time: 00:12:00

Health: 0/40       AC: 11    Str: 20    XL:     6   Next: 76%
Magic:  6/6        EV:  8    Int:  9    God:    Qazlal [*.....]
Gold:   178        SH: 11    Dex: 10    Spells: 5/5 levels left

rFire    . . .     SeeInvis .   a - +0 flail
rCold    . . .     Gourm    .   c - +1 shield
rNeg     + . .     Faith    .   o - +0 scale mail
rPois    ∞         Spirit   .   (no helmet)
rElec    +         Reflect  .   (no cloak)
rCorr    .         Harm     .   (no gloves)
MR       .....                  (no boots)
Stlth    ..........             (no amulet)
HPRegen  0.13/turn              n - ring of poison resistance
MPRegen  0.10/turn              (no ring)

@: no status effects
A: negative energy resistance 1, electricity resistance, unbreathing,
petrification resistance, rot immunity, AC +4
a: Renounce Religion


You were on level 4 of the Dungeon.
You worshipped Qazlal.
Qazlal was aware of your devotion.
You were not hungry.

You visited 1 branch of the dungeon, and saw 4 of its levels.
You also visited: Sewer.

You collected 178 gold pieces.

Inventory:

Hand Weapons
 a - a +0 flail (weapon)
 b - a +0 hunting sling
Armour
 c - a +1 shield (worn)
 o - a +0 scale mail (worn)
Jewellery
 n - a ring of poison resistance (left hand)
Wands
 k - a wand of acid (6)
Scrolls
 e - 2 scrolls of magic mapping
 g - 5 scrolls of remove curse
 m - a scroll of teleportation
Potions
 d - a potion of might
 h - a potion of agility {unknown}
 i - 4 potions of curing
 j - a potion of lignification {unknown}
 l - 3 potions of flight {unknown}
Comestibles
 f - 7 rations


   Skills:
 + Level 5.2 Fighting
 + Level 4.1 Maces & Flails
 - Level 4.8 Armour
 * Level 1.7 Dodging
 - Level 3.2 Shields


You had 5 spell levels left.
You didn't know any spells.

Dungeon Overview and Level Annotations

Branches:
Dungeon (4/15)
 Temple: D:4-7

Altars:
Ashenzari
Qazlal
Uskayaw


Innate Abilities, Weirdness & Mutations

You are resistant to torment.
Your stone body is resilient. (AC +4)
You are immune to poison.
You resist negative energy. (rN+)
You are resistant to electric shocks. (rElec)
You can survive without breathing.
You are immune to petrification.
You are immune to rotting.


Message History

Qazlal accepts your kill.
You hit the orc priest but do no damage.
The orc priest closely misses you.
You barely miss the orc priest.
The orc priest hits you but does no damage.
You closely miss the orc priest. You block the orc priest's attack.
The orc priest calls down the wrath of Beogh upon you.
You barely resist. You block the orc priest's attack.
You sock the orc priest!
The orc priest is severely wounded.
The orc priest hits you but does no damage.
The gnoll hits you but does no damage. You block the orc priest's attack.
Your shield prevents you from hitting the orc priest.
The orc priest is severely wounded.
You hear a shout!
You block the orc priest's attack. You block the gnoll's attack.
The orc priest hits you but does no damage.
The orc priest invokes the aid of Beogh against you.
Beogh smites you!
You die...

#.............#
#.......#####.#
#.......# ###
#.......# #
....#.......#.♣♣.♣
#..........#.P..P
#..#........♣
#..##..oog).♣♣ #
#..@#..PP♣
#####(...o.P♣
..♣♣♣P.... ###♣
.Pg.. ♣o.♣ ♣r. .h


You could see 2 orc priests and a gnoll.

Vanquished Creatures
  A centaur (D:3)
  A big kobold (Sewer)
  An orc wizard (D:4)
  An orc priest (D:4)
  7 adders
  2 river rats (Sewer)
  An ooze (D:1)
  5 worms
  2 dart slugs (D:2)
  2 leopard geckos
  3 orcs
  3 bats
  A giant cockroach (D:1)
  12 goblins
  5 hobgoblins
  7 jackals
  8 kobolds
  5 frilled lizards
  10 rats
77 creatures vanquished.

Notes
Turn   | Place    | Note
-------+----------+-------------------------------------------
     0 | D:1      | Saeniel the Gargoyle Fighter began the quest for the Orb.
     0 | D:1      | Reached XP level 1. HP: 14/14 MP: 1/1
   389 | D:1      | Reached XP level 2. HP: 15/19 MP: 2/2
   826 | D:2      | Reached XP level 3. HP: 24/24 MP: 3/3
   902 | D:2      | Found a hide-covered altar of Uskayaw.
  1166 | D:2      | Reached skill level 4 in Fighting
  1215 | D:2      | Reached XP level 4. HP: 22/29 MP: 4/4
  1238 | D:2      | Found a stormy altar of Qazlal.
  1238 | D:2      | Found a shattered altar of Ashenzari.
  1246 | D:2      | Became a worshipper of Qazlal Stormbringer
  1638 | D:3      | Found a glowing drain.
  1662 | Sewer    | Entered a sewer
  1673 | Sewer    | Reached XP level 5. HP: 15/34 MP: 5/5
  1876 | Sewer    | Noticed a big kobold
  1942 | Sewer    | Killed a big kobold
  2127 | Sewer    | Found a white marble altar of Elyvilon.
  2406 | D:3      | Reached * piety under Qazlal
  2466 | D:3      | Noticed a centaur
  2468 | D:3      | Reached XP level 6. HP: 40/40 MP: 6/6
  2476 | D:3      | Reached skill level 5 in Fighting
  2476 | D:3      | Reached skill level 1 in Dodging
  3004 | D:4      | Killed from afar by an orc priest

Skill      XL: |  1  2  3  4  5  6 |
---------------+-------------------+-----
Armour         | 4 |  4.8
Fighting       | 4 5 |  5.2
Maces & Flails | 3 4 |  4.1
Dodging        | 1 |  1.7
Shields        | |  3.2

Action                   |  1- 3 |  4- 6 || total
-------------------------+-------+-------++-------
Melee: Flail             |   135 |   167 ||   302
  Use: Scroll            |       |     7 ||     7
  Eat: Ration            |     1 |     2 ||     3
Armor: Scale mail        |    69 |    75 ||   144
Dodge: Dodged            |    42 |    47 ||    89
Block: Shield            |    71 |    95 ||   166
